 Dungeon Crawl Stone Soup version 0.31-a0-750-gfe7b580527 (webtiles) character file.

Game seed: 2747498742610144265

2983 javelincjr the Covert (level 9, -3/51 HPs)
             Began as an Octopode Conjurer on Sept 14, 2023.
             Was a Believer of Vehumet.
             Slain by a hornet (11 damage)
             ... while paralysed by a hornet
             ... on level 8 of the Dungeon.
             The game lasted 00:26:20 (7684 turns).

javelincjr the Covert (Octopode Conjurer)           Turns: 7684, Time: 00:26:22

Health: -3/51      AC:  3    Str:  6    XL:     9   Next: 83%
Magic:  10/19      EV:  2    Int: 25    God:    Vehumet [**....]
Gold:   838        SH:  0    Dex: 10    Spells: 11/22 levels left

rFire   . . .        a - +3 quarterstaff (chaos)
rCold   + . .        (shield currently unavailable)
rNeg    . . .        B - +2 hat
rPois   .            A - amulet of magic regeneration
rElec   .            p - ring of willpower
rCorr   .            i - ring of protection from cold
SInv    .            (no ring)
Will    +....        (no ring)
Stlth   +++++        (no ring)
HPRegen 0.28/turn    (no ring)
MPRegen 0.56/turn    (no ring)
                     (no ring)

%: no passive effects
@: paralysed
A: almost no armour, amphibious, 8 rings, camouflage 1, gelatinous body 1,
(nimble swimmer 1), tentacles
a: Renounce Religion


You were on level 8 of the Dungeon.
You worshipped Vehumet.
Vehumet was pleased with you.
You visited 1 branch of the dungeon, and saw 8 of its levels.

You collected 838 gold pieces.

Inventory:

Hand Weapons
 a - a +3 quarterstaff of chaos (weapon)
 b - a +0 triple crossbow
 l - a +1 dagger of venom
 y - a +2 hand axe of flaming
Armour
 B - a +2 hat (worn)
Jewellery
 i - a ring of protection from cold (right tentacle)
 p - a ring of willpower (left tentacle)
 A - an amulet of magic regeneration (around mantle)
Wands
 x - a wand of charming (11)
Scrolls
 e - a scroll of amnesia {unknown}
 f - 2 scrolls of teleportation {unknown}
 g - 2 scrolls of fog {unknown}
 h - 2 scrolls of poison {unknown}
 j - a scroll of enchant weapon {unknown}
 k - 2 scrolls of noise
 o - a scroll of vulnerability {unknown}
 q - a scroll of brand weapon {unknown}
 s - a scroll of revelation {unknown}
 t - a scroll of blinking {unknown}
 v - 2 scrolls of enchant armour {unknown}
 w - 3 scrolls of torment
Potions
 c - 6 potions of curing
 d - 2 potions of resistance
 m - a potion of heal wounds {unknown}
 n - 2 potions of magic
 r - a potion of attraction {unknown}
 u - 2 potions of haste
 z - a potion of lignification {unknown}
 C - a potion of mutation {unknown}
 D - a potion of ambrosia {unknown}


   Skills:
 + Level 0.6 Staves
 - Level 3.7 Ranged Weapons
 + Level 6.3 Dodging
 + Level 8.9 Stealth
 * Level 7.0 Spellcasting
 + Level 7.2 Conjurations


You had 11 spell levels left.
You knew the following spells:

 Your Spells              Type           Power      Damage    Failure   Level
a - Magic Dart            Conj           100%       1d8       1%          1
b - Searing Ray           Conj           88%        2d7       1%          2
c - Fulminant Prism       Conj/Hex       13%        3d8       16%         4
d - Iskenderun's Mystic   Conj/Tloc      26%        2d7       16%         4

Your spell library contained the following spells:

 Spells                   Type           Power      Damage    Failure   Level
 Kiss of Death            Conj/Necr      100%       2d13      1%          1
 Dazzling Flash           Conj/Hex       52%        N/A       4%          3


Dungeon Overview and Level Annotations

Branches:
Dungeon (8/15)             Temple (0/1) D:7
   Lair: D:8-11

Altars:
Nemelex Xobeh
Qazlal
Uskayaw
Vehumet
Wu Jian
Yredelemnul

Shops:
D:1 !   D:3 [   D:4 [   D:5 [   D:6 :   D:7 :


Innate Abilities, Weirdness & Mutations

You cannot wear most types of armour.
You are amphibious.
You can wear up to eight rings at the same time.
Your skin changes colour to match your surroundings (Stealth+).
Your rubbery body absorbs attacks. (AC +1, EV +1)
((You are camouflaged when in or above water. (Stealth+)))
You have tentacles for arms and can constrict up to eight enemies at once.


Message History

The searing ray misses the hornet.
The hornet closely misses you. The hornet stings you!
You are poisoned.
You feel yourself slow down.
The searing ray hits the hornet but does no damage.
The hornet is moderately wounded.
You finish channelling your searing ray.
You feel yourself speed up.
You feel very sick. The hornet stings you.
You feel yourself slow down. The hornet stings you.
You are more poisoned.
You feel as though you will be slow longer.
Casting: Searing Ray (safe; 1% risk of failure)
Confirm with . or Enter, or press ? or * to list all spells.
You don't know that spell.
Casting: Searing Ray (safe; 1% risk of failure)
Confirm with . or Enter, or press ? or * to list all spells.
You erupt in a blast of force!
The mystic blast hits the hornet.
The hornet is heavily wounded.
The hornet is knocked back by the mystic blast.
The orc shouts!
You feel very sick.
The orc throws a stone.
The stone hits you.
You feel very sick. The hornet closely misses you.
The hornet barely misses you.
You feel very sick. The hornet misses you.
Casting: Iskenderun's Mystic Blast (quite dangerous; 16% risk of failure)
Confirm with . or Enter, or press ? or * to list all spells.
You erupt in a blast of force!
The mystic blast hits the hornet.
The hornet is heavily wounded.
The hornet is knocked back by the mystic blast.
You feel yourself speed up.
You feel sick.
You feel sick.
You feel better. The hornet misses you. The hornet stings you!
* * * LOW HITPOINT WARNING * * *
You suddenly lose the ability to move!
The hornet stings you!
You die...

### #.. ##.
#.## #.. #.<#
#.# ##@# #.#
#y# #y# #
##O###.#####.##
#..o...........
##.....####..#
##..#.#.....#
##...#.....#
###.#.....#
#..o....#


You could see a two-headed ogre, a hornet and an orc.

Vanquished Creatures
  A steam dragon (D:7)
  A water moccasin (D:6)
  An orc warrior (D:6)
  2 ice beasts (D:6)
  A sky beast (D:7)
  2 black bears (D:5)
  An ogre (D:5)
  3 centaurs
  A kobold brigand (D:5)
  2 phantoms
  Blork the orc (D:4)
  3 bullfrogs (D:7)
  4 scorpions
  5 jellies
  4 killer bees (D:7)
  5 hounds
  2 orc priests
  Crazy Yiuf (D:2)
  A gnoll bouda (D:5)
  6 iguanas
  Ijyb (D:5)
  Terence (D:2)
  3 orc wizards
  A sleepcap (D:5)
  7 adders
  3 gnolls (D:5)
  2 white imps (D:5)
  2 ufetubi (D:6)
  3 worms
  3 dart slugs
  29 orcs
  4 endoplasms
  3 giant cockroaches
  4 goblins
  6 hobgoblins
  5 jackals
  11 kobolds
  4 quokkas
  7 ball pythons
  A bat (D:2)
  3 frilled lizards
  7 rats
157 creatures vanquished.

Notes
Turn   | Place    | Note
-------+----------+-------------------------------------------
     0 | D:1      | javelincjr the Octopode Conjurer began the quest for the
                  | Orb.
     0 | D:1      | Reached XP level 1. HP: 11/11 MP: 3/3
   161 | D:1      | Found Pettirphimou's Distillery.
   203 | D:1      | Reached skill level 3 in Stealth
   207 | D:1      | Reached XP level 2. HP: 17/17 MP: 5/5
   210 | D:1      | Learned a level 2 spell: Searing Ray
   944 | D:2      | Found a basalt altar of Yredelemnul.
   956 | D:1      | Reached XP level 3. HP: 19/21 MP: 2/6
  1309 | D:2      | Noticed Terence
  1313 | D:2      | Killed Terence
  1314 | D:2      | Reached XP level 4. HP: 27/27 MP: 1/7
  1563 | D:2      | Found a runed translucent door.
  1564 | D:2      | Noticed Crazy Yiuf
  1570 | D:2      | Killed Crazy Yiuf
  1571 | D:2      | Reached skill level 4 in Stealth
  1911 | D:3      | Reached XP level 5. HP: 30/31 MP: 0/9
  2059 | D:3      | Found Efazxiwy's Antique Armour Emporium.
  2804 | D:4      | Noticed Blork the orc
  2810 | D:4      | Killed Blork the orc
  2811 | D:4      | Reached skill level 5 in Stealth
  2811 | D:4      | Reached skill level 5 in Conjurations
  2811 | D:4      | Reached XP level 6. HP: 9/36 MP: 2/11
  3023 | D:4      | Found a radiant altar of Vehumet.
  3029 | D:4      | Became a worshipper of Vehumet
  3199 | D:4      | Found an ornate altar of the Wu Jian Council.
  3421 | D:4      | Found Tuizuum's Armour Shop.
  3664 | D:5      | Entered Level 5 of the Dungeon
  4015 | D:5      | Reached XP level 7. HP: 41/41 MP: 12/12
  4127 | D:5      | Found Hovvyox's Armour Shop.
  4214 | D:5      | Noticed Ijyb
  4226 | D:5      | Killed Ijyb
  4227 | D:5      | Reached skill level 6 in Stealth
  4316 | D:5      | Found a hide-covered altar of Uskayaw.
  4381 | D:5      | Reached * piety under Vehumet
  4381 | D:5      | Offered knowledge of Freeze by Vehumet.
  5001 | D:5      | Reached XP level 8. HP: 46/46 MP: 6/14
  5226 | D:5      | Reached skill level 7 in Stealth
  5260 | D:5      | Reached skill level 1 in Ranged Weapons
  5260 | D:5      | Reached skill level 5 in Dodging
  5372 | D:5      | Reached skill level 5 in Spellcasting
  5397 | D:5      | Offered knowledge of Kiss of Death by Vehumet.
  5509 | D:5      | Reached ** piety under Vehumet
  5632 | D:5      | Found a sparkling altar of Nemelex Xobeh.
  5857 | D:6      | Found Effodol's Tiny Tomes.
  5919 | D:6      | Reached XP level 9. HP: 51/51 MP: 12/17
  6151 | D:6      | Reached skill level 8 in Stealth
  6425 | D:6      | Found a stormy altar of Qazlal.
  6760 | D:7      | Found a basalt altar of Yredelemnul.
  6987 | D:7      | Found a staircase to the Ecumenical Temple.
  7148 | D:7      | Learned a level 4 spell: Fulminant Prism
  7153 | D:7      | Learned a level 4 spell: Iskenderun's Mystic Blast
  7353 | D:7      | Found Karhowon's Tremendous Tomes.
  7531 | D:8      | Noticed a two-headed ogre
  7536 | D:8      | Noticed a hornet
  7683 | D:8      | Paralysed by a hornet for 2 turns
  7684 | D:8      | Slain by a hornet

Illustrated notes

Levels and vault maps discovered:
D:1:      dpeg_arrival_three_same_balls, layout_basic, serial_shops,
          nicolae_shop_crystal, minmay_pentomino_v4
D:2:      layout_basic, basic_altar, uniq_terence, uniq_crazy_yiuf_cottage
D:3:      layout_basic, serial_shops, nicolae_square_shop
D:4:      layout_loops_ring, nicolae_wu_jian_immortal_techniques,
          nicolae_vehumet_altar_sigil, grunt_decor_arrowhead,
          nicolae_take_the_stairs, uniq_blork_the_orc
D:5:      minmay_polygon_palace, layout_cave_pools, nemelex_dance_club_becter,
          lemuel_round_altar, serial_shops, shop, uniq_ijyb
D:6:      layout_rooms, mainiacjoe_overflow_concentric_impassable,
          nicolae_shop_i_like_small_books_too
D:7:      layout_basic, kennysheep_mini, temple_doors_ab,
          nicolae_shop_i_like_big_books
D:8:      layout_rooms, ashenzari_altar_1, kennysheep_potato

Skill      XL: |  1  2  3  4  5  6  7  8  9 |
---------------+----------------------------+-----
Stealth        | 3 4 5 6 7 8 |  8.9
Dodging        | 3 4 5 6 |  6.3
Spellcasting   | 3 4 5 7 |  7.0
Conjurations   | 5 6 7 |  7.2
Ranged Weapons | 2 3 |  3.7
Staves         | |  0.6

Action                     |  1- 3 |  4- 6 |  7- 9 || total
---------------------------+-------+-------+-------++-------
  Melee: Quarterstaff      |       |     3 |    41 ||    44
         Constrict         |       |     1 |     5 ||     6
         Tentacles         |       |       |     9 ||     9
   Fire: Triple crossbow   |    33 |    67 |    27 ||   127
   Cast: Magic Dart        |     7 |       |    78 ||    85
         Searing Ray       |     5 |    26 |    40 ||    71
         Iskenderun's Myst |       |       |     3 ||     3
    Use: Scroll            |       |       |     5 ||     5
         Potion            |       |       |     1 ||     1
   Stab: Sleeping          |       |       |     2 ||     2
 Armour: Skin              |    18 |    30 |    71 ||   119
  Dodge: Dodged            |    21 |    37 |   102 ||   160

Table legend: (Time is in decaauts)
 A = Elapsed time spent in this place.
 B = Non-inter-level travel time spent in this place.
 C = Inter-level travel time spent in this place.
 D = Time resting spent in this place.
 E = Time spent auto-exploring this place.
 F = Levels seen in this place.
 G = Mean time per level.
                   A        B        C        D        E       F      G
               +--------+--------+--------+--------+--------+-----+--------+
         Total |   7865 |   7546 |    319 |   1163 |   5203 |   8 |  983.1 |
       Dungeon |   7865 |   7546 |    319 |   1163 |   5203 |   8 |  983.1 |
               +--------+--------+--------+--------+--------+-----+--------+

Top non-repeatable levels by time:
     D:5: 1760 daAuts
     D:3: 1180 daAuts
     D:7: 1160 daAuts
     D:4: 1159 daAuts
     D:1: 1017 daAuts
     D:2: 810 daAuts
     D:6: 732 daAuts
     D:8: 44 daAuts
